 Dungeon Crawl Stone Soup version 0.29.1-15-g9cfb28693d (webtiles) character file.

Game seed: 13494529216530810555

17224 LustLizard the Grappler (level 12, -3/122 HPs)
             Began as a Troll Fighter on Mar 30, 2023.
             Was an Elder of Wu Jian.
             Slain by a tengu warrior
             ... wielding a +0 long sword
              (4 damage)
             ... in a Gauntlet.
             The game lasted 00:27:20 (12623 turns).

LustLizard the Grappler (Troll Fighter)            Turns: 12623, Time: 00:27:20

Health: -3/122     AC:  6    Str: 27    XL:     12   Next: 17%
Magic:  0/11       EV: 10    Int:  8    God:    Wu Jian [****..]
Gold:   681        SH:  9    Dex:  9    Spells: 11/11 levels left

rFire   + . .      SeeInvis .     - Unarmed
rCold   + . .      Faith    .   b - +0 kite shield
rNeg    . . .      Spirit   +   O - +2 robe {rC+ rF+}
rPois   +          Reflect  .   (helmet restricted)
rElec   .          Harm     .   (no cloak)
rCorr   .          Rampage  .   (gloves unavailable)
Will    .....      NoTele   +   (boots unavailable)
Stlth   +.........              A - amulet of guardian spirit
HPRegen 1.10/turn               k - ring of poison resistance
MPRegen 0.12/turn               (no ring)

@: on berserk cooldown, slowed, studying Maces & Flails, very slow
A: large, unfitting armour, claws 3, regeneration 1, shaggy fur 1, tough skin 1
a: Renounce Religion, Wall Jump, Serpent's Lash


You were in a Gauntlet.
You worshipped Wu Jian.
Wu Jian was greatly pleased with you.
You visited 2 branches of the dungeon, and saw 12 of its levels.
You also visited: Bailey and Gauntlet.

You collected 681 gold pieces.

Inventory:

Missiles
 D - a curare-tipped dart
 J - 19 poisoned darts (quivered)
Armour
 a - a +0 robe
 b - a +0 kite shield (worn)
 I - +0 acid dragon scales
 O - a +2 robe of resistance (worn)
Jewellery
 k - a ring of poison resistance (left claw)
 x - a ring of ice
 A - an amulet of guardian spirit (around neck)
 E - the amulet of the Fiend {Acrobat rF- Int+8}
   (You found it on level 6 of the Dungeon)

   [amulet of the acrobat]

   It increases your evasion while moving and waiting.
   Int:       It affects your intelligence (+8).
   rF:        It makes you vulnerable to fire.
 N - an amulet of magic regeneration
 Q - a ring of flight
Wands
 q - a wand of flame (20)
 C - a wand of charming (19)
Scrolls
 d - a scroll of summoning {unknown}
 e - a scroll of enchant armour {unknown}
 g - 2 scrolls of brand weapon
 j - a scroll of immolation {unknown}
 l - a scroll of silence {unknown}
 n - 2 scrolls of poison
 t - 4 scrolls of teleportation
 u - 2 scrolls of blinking
 y - a scroll of noise {unknown}
 z - 2 scrolls of vulnerability {unknown}
 B - a scroll of enchant weapon {unknown}
 F - a scroll of fog {unknown}
 K - 2 scrolls of magic mapping {unknown}
 L - 2 scrolls of fear {unknown}
 P - a scroll of acquirement {unknown}
Potions
 c - a potion of might
 f - 3 potions of cancellation
 h - 2 potions of haste
 i - 4 potions of heal wounds
 m - a potion of berserk rage
 o - 2 potions of lignification
 p - a potion of mutation
 r - 7 potions of curing
 s - 2 potions of flight
 v - a potion of brilliance {unknown}
 w - a potion of resistance {unknown}
 G - a potion of magic {unknown}
 H - a potion of invisibility {unknown}
 M - a potion of ambrosia


   Skills:
 + Level 8.6 Fighting
 + Level 5.3 Dodging
 + Level 9.4 Shields
 * Level 13.7 Unarmed Combat


You had 11 spell levels left.
You didn't know any spells.
Your spell library contained the following spells:

 Spells                   Type           Power      Damage    Failure   Level
 Beastly Appendage        Tmut           0%         N/A       63%         1
 Ensorcelled Hibernation  Hex/Ice        0%         N/A       77%         2
 Passwall                 Tmut/Erth      0%         N/A       77%         2
 Wereblood                Tmut           0%         N/A       77%         2
 Call Canine Familiar     Summ           0%         N/A       94%         3
 Frozen Ramparts          Ice            0%         1d1       94%         3
 Gell's Gravitas          Tloc           0%         N/A       94%         3
 Portal Projectile        Hex/Tloc       0%         N/A       94%         3
 Spider Form              Tmut/Pois      0%         N/A       94%         3
 Stone Arrow              Conj/Erth      0%         3d7       94%         3
 Swiftness                Air            0%         N/A       94%         3
 Teleport Other           Tloc           0%         N/A       94%         3
 Animate Armour           Summ/Erth      0%         N/A       100%        4
 Ice Form                 Ice/Tmut       0%         N/A       100%        4
 Leda's Liquefaction      Hex/Erth       0%         N/A       100%        4
 Summon Ice Beast         Ice/Summ       0%         N/A       100%        4
 Dispersal                Tloc           0%         N/A       100%        6
 Lehudib's Crystal Spear  Conj/Erth      0%         10d2      100%        8


Dungeon Overview and Level Annotations

Branches:
Dungeon (11/15)            Temple (1/1) D:7            Lair (0/5) D:8
 Bailey (visited)         Gauntlet (1/1)
    Orc: D:9-12

Altars:
Ashenzari
Cheibriados
Dithmenos
Elyvilon
Fedhas
Gozag
Hepliaklqana
Kikubaaqudgha
Makhleb
Nemelex Xobeh
Okawaru
Qazlal
Ru
Sif Muna
Trog
Uskayaw
Wu Jian
Xom
Yredelemnul
Zin
The Shining One

Annotations:
D:3 2 transporters, Ast3rio's ghost, amateur MiBe
D:8 2 transporters, THTSBRD's ghost, novice FoHu
D:10 3 runed translucent doors
D:11 3 runed translucent doors
Temple 2 transporters Gauntlet 9 transporters


Innate Abilities, Weirdness & Mutations

You are too large for most types of armour.
You have claws for hands.
Your natural rate of healing is unusually fast.
You are covered in fur. (AC +1)
You have tough skin. (AC +1)


Message History

The tengu conjurer claws you but does no damage.
The tengu warrior barely misses you. The tengu warrior closely misses you.
The tengu warrior claws you but does no damage.
The tengu warrior blocks your attack.
The tengu warrior is severely wounded.
You block the tengu conjurer's attack. x2
The tengu conjurer claws you but does no damage.
You block the tengu conjurer's attack.
The tengu conjurer barely misses you. x2
You block the tengu warrior's attack. The tengu warrior pecks you.
You block the tengu warrior's attack. The tengu conjurer hits you.
The tengu conjurer pecks you but does no damage.
The tengu conjurer claws you.
You miss the tengu warrior.
The tengu warrior is severely wounded.
The tengu conjurer points at you and mumbles some strange words.
The bolt of lightning hits you!! You block the tengu warrior's attack.
The tengu warrior pecks you.
* * * LOW HITPOINT WARNING * * *
The tengu warrior claws you.
* * * LOW HITPOINT WARNING * * *
The tengu conjurer hits you but does no damage.
The tengu conjurer pecks you but does no damage.
The tengu conjurer claws you but does no damage.
The tengu conjurer hits you but does no damage.
The tengu conjurer pecks you.
* * * LOW HITPOINT WARNING * * *
You block the tengu conjurer's attack.
You scratch the tengu warrior.
The tengu warrior is severely wounded.
The tengu warrior hits you with a +0 long sword!
* * * LOW HITPOINT WARNING * * *
You block the tengu warrior's attack. The tengu warrior closely misses you.
The tengu conjurer gestures at you while chanting.
The bolt of lightning hits you!
* * * LOW HITPOINT WARNING * * *
The tengu conjurer hits you but does no damage.
You block the tengu conjurer's attack.
The tengu conjurer claws you but does no damage.
You block the tengu warrior's attack. The tengu warrior pecks you.
You die...

.#########...#########...########
.........#.8.........#.8.....#...
.#########...#########...########
.##.#.#.##.8.#.......#.8.#.##.#YY
.#.#.#.#.#...#.8.#.#.#...##.#.p##
.##.#.#.##.8.#..P..*?#.8.##Y.##.#
©#)#.#.#©#©.©#.8.©.#©#©.©#Y##©#.p
.##.#©#[######.QQQP..######Y#.Y##
.#.#.#.#.#...#.⌠@#*#"#...##..##.#
.##.#.#.##.8.#.......#.8.#.##Y#[(
.#########...#########...########
.................................
≈#≈≈≈#≈≈≈#≈≈≈#≈≈≈#≈≈≈#≈≈≈#≈≈≈#≈≈≈
###≈###≈###≈###≈###≈###≈###≈###≈#
### ### ### ### ### ### ### ###


You could see a tengu warrior, 2 tengu conjurers and a battlesphere.

Vanquished Creatures
  A hydra (D:10)
  A centaur warrior (D:8)
  2 two-headed ogres
  A deep elf pyromancer (D:8)
  A manticore (D:8)
  2 ugly things (D:8)
  A smoke demon (Gauntlet)
  A gargoyle (D:10)
  Psyche (D:10)
  Maggie (D:7)
  A kobold demonologist (D:8)
  A red devil (Gauntlet)
  3 trolls
  2 dream sheep (D:10)
  A hornet (D:9)
  5 spriggans (Bailey)
  A wyvern (D:7)
  5 shadows
  A wraith (D:8)
  2 vampires
  9 yaks
  A basilisk (D:10)
  Menkaure (D:7)
  8 vampire mosquitoes
  2 acid dragons
  2 water moccasins
  3 orc warriors
  A sky beast (D:7)
  An ice beast (D:6)
  7 ogres
  3 wolves (D:8)
  3 centaurs
  A phantom (D:5)
  4 kobold brigands
  3 necrophages
  7 bullfrogs
  3 scorpions
  8 wights
  4 killer bees (D:9)
  7 electric eels
  6 howler monkeys
  4 crimson imps (Gauntlet)
  3 jellies
  8 hounds
  10 orc priests
  2 gnoll boudas
  6 iguanas
  9 orc wizards
  12 gnolls
  10 adders
  2 shadow imps
  A white imp (D:4)
  2 ufetubi
  2 worms
  4 dart slugs
  43 orcs
  5 endoplasms
  4 giant cockroaches
  3 goblins
  4 hobgoblins
  4 jackals (D:2)
  4 quokkas
  7 ball pythons
  6 bats
  2 frilled lizards
  13 kobolds
288 creatures vanquished.

Vanquished Creatures (others)
  A kobold brigand (D:10)
  2 plants (Gauntlet)
  11 withered plants (D:6)
14 creatures vanquished.

Grand Total: 302 creatures vanquished

Notes
Turn   | Place    | Note
-------+----------+-------------------------------------------
     0 | D:1      | LustLizard the Troll Fighter began the quest for the Orb.
     0 | D:1      | Reached XP level 1. HP: 22/22 MP: 0/0
   320 | D:1      | Found a faded altar of an unknown god.
   343 | D:1      | Reached XP level 2. HP: 29/29 MP: 1/1
   785 | D:1      | Reached XP level 3. HP: 34/36 MP: 2/2
   829 | D:2      | Reached skill level 3 in Unarmed Combat
  1139 | D:2      | Reached XP level 4. HP: 44/44 MP: 3/3
  1484 | D:2      | You fall into a shaft and drop 1 floor!
  1514 | D:3      | Found a transporter.
  1544 | D:3      | Found a transporter.
  1742 | D:3      | Noticed Ast3rio's ghost (amateur MiBe)
  1784 | D:3      | Noticed a +0 dagger
  1786 | D:3      | Noticed a +0 dagger
  1786 | D:3      | Noticed a +0 spear
  1786 | D:3      | Noticed a +0 short sword
  1787 | D:3      | Noticed a +0 falchion
  1787 | D:3      | Noticed a +0 spear
  1788 | D:3      | Noticed a +0 short sword
  1789 | D:3      | Noticed a +0 falchion
  1804 | D:3      | Found a hide-covered altar of Uskayaw.
  1836 | D:3      | Identified the +2 leather armour of Fallacy {rF++ Regen+
                  | SInv Stlth+}
  2102 | D:3      | Reached skill level 4 in Unarmed Combat
  2102 | D:3      | Reached XP level 5. HP: 24/53 MP: 4/4
  2605 | D:4      | Reached XP level 6. HP: 56/61 MP: 5/5
  2790 | D:4      | Reached skill level 5 in Unarmed Combat
  3622 | D:5      | Entered Level 5 of the Dungeon
  3839 | D:5      | Reached XP level 7. HP: 68/68 MP: 6/6
  3919 | D:5      | Reached skill level 6 in Unarmed Combat
  4557 | D:5      | Found a blossoming altar of Fedhas.
  4642 | D:5      | Reached skill level 5 in Shields
  4732 | D:5      | Reached XP level 8. HP: 79/79 MP: 7/7
  5180 | D:5      | Reached skill level 7 in Unarmed Combat
  5465 | D:6      | Reached skill level 5 in Fighting
  5741 | D:6      | Reached skill level 8 in Unarmed Combat
  5954 | D:6      | Found a glowing silver altar of Zin.
  6124 | D:6      | Found an ancient bone altar of Kikubaaqudgha.
  6187 | D:6      | Reached XP level 9. HP: 87/88 MP: 8/8
  6197 | D:6      | Identified the amulet of the Fiend {Acrobat rF- Int+8}
  6423 | D:7      | Found a shadowy altar of Dithmenos.
  6438 | D:7      | Found a glowing golden altar of the Shining One.
  6449 | D:7      | Reached skill level 9 in Unarmed Combat
  6486 | D:7      | Identified the +9 halberd of the Gnat {spect, Fragile rN+
                  | rCorr Dex+2}
  6505 | D:7      | Noticed Menkaure
  6543 | D:7      | Killed Menkaure
  6571 | D:7      | Found a staircase to the Ecumenical Temple.
  6578 | Temple   | Entered the Ecumenical Temple
  6578 | Temple   | Found a transporter.
  6578 | Temple   | Found a transporter.
  6580 | Temple   | Found a transporter.
  6580 | Temple   | Found a transporter.
  6590 | Temple   | Became a worshipper of the Wu Jian Council
  6621 | D:7      | Found a flagged portal.
  6630 | Bailey   | Entered a bailey
  6963 | Bailey   | Reached skill level 10 in Unarmed Combat
  6997 | Bailey   | Noticed a two-headed ogre
  7003 | Bailey   | Killed a two-headed ogre
  7004 | Bailey   | Reached XP level 10. HP: 64/100 MP: 9/9
  7761 | D:7      | Reached skill level 11 in Unarmed Combat
  7786 | D:7      | Found a snail-covered altar of Cheibriados.
  8018 | D:7      | Noticed Maggie
  8032 | D:7      | Killed Maggie
  8464 | D:8      | Reached * piety under Wu Jian
  8492 | D:8      | Found a transporter.
  8497 | D:8      | Found a transporter.
  8497 | D:8      | Noticed THTSBRD's ghost (novice FoHu)
  8542 | D:8      | Found an opulent altar of Gozag.
  8719 | D:8      | Found a staircase to the Lair.
  9238 | D:8      | Noticed a red ugly thing
  9246 | D:8      | Killed a red ugly thing
  9394 | D:8      | Noticed a manticore
  9406 | D:8      | Killed a manticore
  9545 | D:8      | Noticed a cyan ugly thing
  9562 | D:8      | Reached skill level 12 in Unarmed Combat
  9577 | D:8      | Noticed a two-headed ogre
  9585 | D:8      | Killed a two-headed ogre
  9586 | D:8      | Reached XP level 11. HP: 42/109 MP: 10/10
  9751 | D:8      | Noticed a centaur warrior
  9754 | D:8      | Noticed a deep elf pyromancer
  9755 | D:8      | Killed a centaur warrior
  9767 | D:8      | Noticed a sun demon
  9771 | D:8      | Killed a deep elf pyromancer
 10065 | D:8      | Killed a cyan ugly thing
 10587 | D:9      | Reached ** piety under Wu Jian
 10981 | D:10     | Entered Level 10 of the Dungeon
 10998 | D:10     | Noticed Psyche
 11093 | D:10     | Reached *** piety under Wu Jian
 11285 | D:10     | Reached skill level 13 in Unarmed Combat
 11496 | D:10     | Found a stormy altar of Qazlal.
 11580 | D:10     | Noticed a three-headed hydra
 11597 | D:10     | Killed a four-headed hydra
 11711 | D:10     | Found a runed translucent gate.
 11722 | D:10     | Found a runed translucent gate.
 11722 | D:10     | Found a runed translucent gate.
 11722 | D:10     | Noticed a green ugly thing
 11723 | D:10     | Noticed a purple ugly thing
 11724 | D:10     | Noticed a white ugly thing
 11725 | D:10     | Noticed a white ugly thing
 11740 | D:10     | Killed Psyche
 11763 | D:10     | Reached skill level 5 in Dodging
 12161 | D:11     | Noticed a four-headed hydra
 12198 | D:11     | Found a runed translucent gate.
 12198 | D:11     | Found a runed translucent gate.
 12198 | D:11     | Found a runed translucent gate.
 12210 | D:11     | Reached XP level 12. HP: 104/122 MP: 8/11
 12356 | D:11     | Found a gate leading to a gauntlet.
 12367 | Gauntlet | Entered a Gauntlet
 12367 | Gauntlet | Found a transporter.
 12367 | Gauntlet | Found a transporter.
 12376 | Gauntlet | Found a transporter.
 12379 | Gauntlet | Found a transporter.
 12384 | Gauntlet | Noticed a tengu warrior
 12387 | Gauntlet | Found a transporter.
 12391 | Gauntlet | Found a transporter.
 12395 | Gauntlet | Noticed a death yak
 12396 | Gauntlet | Noticed a death yak
 12396 | Gauntlet | Noticed a death yak
 12400 | Gauntlet | Found a transporter.
 12412 | Gauntlet | Noticed a blizzard demon
 12416 | Gauntlet | Found a transporter.
 12431 | Gauntlet | Found a transporter.
 12435 | Gauntlet | Found a transporter.
 12446 | Gauntlet | Found a transporter.
 12447 | Gauntlet | Found a transporter.
 12523 | Gauntlet | Reached **** piety under Wu Jian
 12623 | Gauntlet | HP: 1/122 [tengu conjurer/bolt of lightning (13)]
 12623 | Gauntlet | Slain by a tengu warrior

Illustrated notes

Levels and vault maps discovered:
D:1:      zelgadis_glass_arrival_large, layout_basic,
          hellmonk_ecumenical_altar_lost_god
D:2:      layout_loops_corners
D:3:      cheibrodos_old_hovel, layout_rooms, nicolae_uskayaw_en_pointe,
          gammafunk_ghost_mausoleum, kennysheep_big_empty_room,
          dk_noncrumbling_3, amcnicky_mini_rare_corridor_liquid, minivault_4,
          guppyfry_early_lair_pool
D:4:      layout_loops_corners, minmay_misc_feat_room, dreamdust_princess_bridge
D:5:      layout_layer_cave, mainiacjoe_overflow_24_doors,
          minmay_manual_monstrance
D:6:      layout_basic, nicolae_overflow_crystal_walls,
          kiku_gazebo_garden_becter
D:7:      layout_layer_cave, general_overflow_altar, nicolae_overflow_squiral,
          minmay_temple_entry_overgrown, enter_bailey_2, nicolae_lava_and_water,
          uniq_menkaure, uniq_maggie
D:8:      layout_loops_ring, kennysheep_little_box, erik_lair_island,
          gammafunk_ghost_hive, grunt_decor_clamped, minmay_evil_grid
D:9:      layout_roguey [special_room_orc], billiards_dpeg
D:10:     cheibrodos_helix_gallery, layout_irregular_city,
          nicolae_qazlal_style_of_elements,
          ploomutoo_gammafunk_ghost_potion_laboratory, st_stairs_3,
          hangedman_ranch, uniq_psyche
D:11:     layout_roguey, gammafunk_ghost_icy, gauntlet_entry_generic
Temple:   hellmonk_temple_divided_pantheon
Gauntlet: minmay_gauntlet_77_indecision [minmay_gauntlet_arena_77_checkered,
          minmay_gauntlet_arena_77_double_cross,
          minmay_gauntlet_arena_77_museum, minmay_gauntlet_arena_77_mirror,
          minmay_gauntlet_arena_77_tiled_triplets,
          minmay_gauntlet_arena_77_chump_sandwich, gauntlet_exit_hidden_loot]

Skill      XL: |  1  2  3  4  5  6  7  8  9 10 11 |
---------------+----------------------------------+-----
Shields        | 3 4 5 6 7 8 9 |  9.4
Unarmed Combat | 3 4 5 6 8 10 12 13 | 13.7
Fighting       | 3 4 5 6 7 8 |  8.6
Dodging        | 3 5 |  5.3

Action                   |  1- 3 |  4- 6 |  7- 9 | 10-12 || total
-------------------------+-------+-------+-------+-------++-------
Melee: Unarmed           |    73 |   162 |   239 |   478 ||   952
Throw: Dart              |       |       |     1 |       ||     1
Invok: Lunge             |       |       |     4 |    38 ||    42
       Whirlwind         |       |       |       |    17 ||    17
Evoke: Wand              |       |       |    14 |    14 ||    28
  Use: Scroll            |       |     4 |     4 |     6 ||    14
       Potion            |       |       |     1 |     3 ||     4
 Stab: Sleeping          |       |     1 |       |       ||     1
Armor: Robe              |    32 |    30 |    39 |    37 ||   138
       Acid dragon scale |       |       |       |    83 ||    83
Dodge: Dodged            |    30 |    37 |    82 |   149 ||   298
Block: Kite shield       |    26 |    53 |   100 |   165 ||   344
